 Dungeon Crawl Stone Soup version 0.25.0-11-g1f837a76a1 (webtiles) character file.

Game seed: 1087251706501852068

11011 KleinerIrrer the Zephyrmancer (level 11, -1/80 HPs)
             Began as a Demonspawn Air Elementalist on June 26, 2020.
             Was a High Priest of Makhleb.
             Hit by a silver javelin thrown by a minotaur (8 damage)
             ... in a Gauntlet.
             The game lasted 01:05:00 (13667 turns).

KleinerIrrer the Zephyrmancer (DsAE)               Turns: 13667, Time: 01:05:02

Health: -1/80      AC:  4    Str:  8    XL:     11   Next: 43%
Magic:  3/18       EV: 16    Int: 27    God:    Makhleb [*****.]
Gold:   237        SH:  0    Dex: 22    Spells: 1/20 levels left

rFire    x . .     SeeInvis .   t - +6 quarterstaff (chaos)
rCold    + + .     Gourm    .   (shield currently unavailable)
rNeg     + . .     Faith    .   H - +2 robe {MR+}
rPois    +         Spirit   .   s - +0 helmet
rElec    .         Reflect  .   b - +0 cloak
rCorr    .         Harm     .   O - +0 pair of gloves of Oseapt {*Corrode Str+4}
MR       +....     NoTele   +   n - +0 pair of boots
Stlth    ++........             D - amulet of magic regeneration
HPRegen  0.23/turn              P - ring of Satyriasis {*Drain rPois rC+ rN+ Str-4} (curse)
MPRegen  0.41/turn              M - ring of the Monkey {rF- Int+6 Dex+9 Slay+2}

@: corroded
A: hooves 2, cold resistance 1, spiny 2, freezing cloud immunity
a: Minor Destruction, Lesser Servant of Makhleb, Major Destruction, Greater
Servant of Makhleb, Renounce Religion


You were in a Gauntlet.
You worshipped Makhleb.
Makhleb was extremely pleased with you.
You were not hungry.

You visited 2 branches of the dungeon, and saw 10 of its levels.
You also visited: Sewer and Gauntlet.

You collected 409 gold pieces.
You spent 172 gold pieces at shops.

Inventory:

Hand Weapons
 j - a +0 hand axe
 p - a +0 hunting sling
 t - a +6 quarterstaff of chaos (weapon)
Missiles
 e - 251 stones
 L - 13 poisoned darts (quivered)
Armour
 b - a +0 cloak (worn)
 n - a +0 pair of boots (worn)
 s - a +0 helmet (worn)
 y - a +0 pair of gloves
 H - a +2 robe of magic resistance (worn)
 O - the +0 pair of gloves of Oseapt (worn) {*Corrode Str+4}
   (You found it in a Gauntlet)

   It affects your strength (+4).
   It may corrode you when you take damage.
Jewellery
 u - an uncursed ring of stealth
 B - an uncursed ring of positive energy
 D - an amulet of magic regeneration (around neck)
 M - the ring of the Monkey (right hand) {rF- Int+6 Dex+9 Slay+2}
   (You found it on level 1 of the Lair of Beasts)

   [ring of intelligence]

   It affects your intelligence (+6).
   It affects your dexterity (+9).
   It affects your accuracy and damage with ranged weapons and melee attacks
   (+2).
   It makes you vulnerable to fire.
 P - the cursed ring of Satyriasis (left hand) {*Drain rPois rC+ rN+ Str-4}
   (You found it in a Gauntlet)

   [ring of strength]

   It affects your strength (-4).
   It protects you from cold.
   It protects you from poison.
   It protects you from negative energy.
   It causes draining when unequipped.
   It has a curse placed upon it.
Wands
 A - a wand of iceblast (4)
 G - a wand of polymorph (8)
 I - a wand of clouds (4)
 J - a wand of paralysis (12)
Scrolls
 a - a scroll of enchant armour {unknown}
 f - a scroll of noise {unknown}
 h - a scroll of fog {unknown}
 i - 3 scrolls of remove curse
 k - 3 scrolls of amnesia
 r - 2 scrolls of immolation
 C - 5 scrolls of teleportation
 E - 2 scrolls of identify
 K - a scroll of brand weapon {unknown}
 Q - a scroll of magic mapping
Potions
 d - 4 potions of brilliance
 g - a potion of berserk rage
 l - 10 potions of curing
 m - 2 potions of flight
 o - a potion of heal wounds
 q - 3 potions of might
 v - a potion of mutation {unknown}
 w - 2 potions of stabbing
 x - a potion of ambrosia {unknown}
 z - a potion of magic {unknown}
 F - a potion of haste {unknown}
 N - a potion of invisibility {unknown}
Comestibles
 c - 18 rations


   Skills:
 + Level 5.5 Fighting
 + Level 5.2 Dodging
 - Level 1.7 Stealth
 - Level 5.1 Spellcasting
 + Level 3.5 Conjurations
 - Level 5.2 Summonings
 + Level 12.3 Air Magic
 * Level 5.8 Invocations


You had one spell level left.
You knew the following spells:

 Your Spells              Type           Power        Failure   Level  Hunger
a - Shock                 Conj/Air       ####         1%          1    None
b - Swiftness             Chrm/Air       #####...     1%          2    None
c - Static Discharge      Conj/Air       #####...     1%          3    #......
d - Airstrike             Air            ######....   1%          4    ###....
e - Summon Lightning Spi  Summ/Air       ######..     1%          4    ###....
f - Lightning Bolt        Conj/Air       #####.....   8%          5    #####..

Your spell library contained the following spells:

 Spells                   Type           Power        Failure   Level  Hunger
 Summon Small Mammal      Summ           ####         1%          1    None
 Infusion                 Chrm           #...         7%          1    None
 Call Imp                 Summ           #####...     1%          2    None
 Call Canine Familiar     Summ           #####...     2%          3    #......
 Summon Guardian Golem    Hex/Summ       ###.....     8%          3    #......
 Shroud of Golubria       Chrm/Tloc      #.....       11%         2    None
 Song of Slaying          Chrm           #.......     11%         2    None
 Confusing Touch          Hex            #.......     22%         3    #......
 Gell's Gravitas          Tloc           #.........   22%         3    #......
 Ozocubu's Armour         Chrm/Ice       #.......     22%         3    #......
 Spectral Weapon          Hex/Chrm       #.......     22%         3    #......
 Summon Ice Beast         Ice/Summ       ###.....     24%         4    ###....
 Petrify                  Tmut/Erth      #.......     56%         4    ###....
 Metabolic Englaciation   Hex/Ice        #.........   89%         5    #####..
 Yara's Violent Unravell  Hex/Tmut       #.........   89%         5    #####..


Dungeon Overview and Level Annotations

Branches:
Dungeon (9/15)             Temple (0/1) D:5            Lair (1/6) D:9
  Sewer (visited)         Gauntlet (1/1)
    Orc: D:9-12

Altars:
Ashenzari
Gozag
Kikubaaqudgha
Makhleb
Nemelex Xobeh
Ru
Sif Muna
Wu Jian
Xom
Zin

Shops:
D:4 [   D:5 !   D:8 %

Annotations:
Gauntlet 6 transporters


Innate Abilities, Weirdness & Mutations

You have hoof-like feet.
Your flesh is cold resistant. (rC+)
You are mostly covered in sharp spines.
You are immune to freezing clouds.


Message History

The minotaur throws a silver javelin.
The silver javelin pierces through you.
* * * LOW HITPOINT WARNING * * *
The silver sears you!
* * * LOW HITPOINT WARNING * * *
A demon appears!
You feel much better.
The minotaur throws a silver javelin.
The silver javelin pierces through your ynoxinul.
The silver sears your ynoxinul!
The silver javelin pierces through you!!
* * * LOW HITPOINT WARNING * * *
The silver sears you!
* * * LOW HITPOINT WARNING * * *
Your corrosive artefact corrodes you!
You feel much better.
The minotaur throws a silver javelin.
The silver javelin pierces through your ynoxinul!
The silver sears your ynoxinul!
The silver javelin pierces through you!!
* * * LOW HITPOINT WARNING * * *
The silver sears you!
You die...

#.#.....#.#..#
#..#)..#.)#..#####
#...#^#...#..#≈8≈#
#...©#...©#..#...## ####
#...#^#...#..#.8... 8..
#..#...#..#..#...###.##.##
#.#.....#.#..#.8(H(H....8#
##......^##..#(.3#.#.....#
###########..#.4@#.#.#####
............≈#.©.#...#
............∩#...###.'
............≈#.©.# .#
###########..#(..# .#
#........2#..#...#. ..
#.##...##.#..#.8...
#..##.##.?#..#...##
#...#.#...#..#.8...


You could see a hell beast, a minotaur, a friendly hellwing (summoned) and a
friendly ynoxinul (summoned).

Vanquished Creatures
  A reaper (Gauntlet)
  A two-headed ogre (D:8)
  An orange crystal statue (Gauntlet)
  Pikel (D:7)
  A necromancer (Gauntlet)
  An orb spider (shapeshifter) (D:7)
  2 spiny frogs (Lair:1)
  A troll (D:9)
  Prince Ribbit (D:7)
  A vampire (D:9)
  3 yaks (D:9)
  A human (D:8)
  4 hogs (D:8)
  Duvessa (D:4)
  2 porcupines (Lair:1)
  2 water moccasins (Lair:1)
  A hornet zombie (D:9)
  An ice beast (D:9)
  3 orc warriors
  2 phantoms
  2 sky beasts
  2 black bears (D:9)
  7 ogres
  A necrophage (D:7)
  4 centaurs
  6 wolves (Gauntlet)
  2 crocodiles
  4 big kobolds
  3 bullfrogs
  A gnoll sergeant (D:8)
  2 scorpions
  Dowan (D:4)
  5 howler monkeys
  An electric eel (D:9)
  6 crimson imps
  A quasit (D:3)
  A jelly (D:8)
  A gnoll shaman (D:8)
  An orc priest (D:3)
  2 centaur skeletons
  12 hounds
  Crazy Yiuf (D:2)
  3 orc wizards
  2 iguanas (D:9)
  5 worker ants
  Robin (D:2)
  14 gnolls
  A howler monkey zombie (D:6)
  2 worker ant zombies
  14 adders
  5 river rats
  2 shadow imps
  An ooze (Sewer)
  An adder zombie (D:8)
  2 adder skeletons
  4 worms
  A dart slug (D:3)
  3 leopard geckos
  14 orcs
  10 bats
  2 giant cockroaches
  20 goblins
  18 hobgoblins
  24 jackals
  6 quokkas
  8 ball pythons
  7 frilled lizards
  A jackal zombie (D:6)
  35 kobolds
  A leopard gecko skeleton (D:4)
  35 rats
339 creatures vanquished.

Vanquished Creatures (collateral kills)
  An orc wizard (D:9)
  2 shadow imps (Gauntlet)
3 creatures vanquished.

Vanquished Creatures (others)
  A slave (D:7)
  An orc (D:7)
  A giant cockroach (D:7)
  11 withered plants (Gauntlet)
14 creatures vanquished.

Grand Total: 356 creatures vanquished

Notes
Turn   | Place    | Note
-------+----------+-------------------------------------------
     0 | D:1      | KleinerIrrer the Demonspawn Air Elementalist began the
                  | quest for the Orb.
     0 | D:1      | Reached XP level 1. HP: 13/13 MP: 3/3
   201 | D:1      | Reached skill level 3 in Air Magic
   259 | D:1      | Gained mutation: You have large cloven feet. [demonic
                  | ancestry]
   259 | D:1      | Reached XP level 2. HP: 19/20 MP: 3/5
   392 | D:1      | Reached skill level 1 in Fighting
   802 | D:1      | Reached XP level 3. HP: 26/26 MP: 4/6
  1838 | D:2      | Found a glowing silver altar of Zin.
  1922 | D:2      | Gained mutation: You are partially covered in sharp spines.
                  | [demonic ancestry]
  1922 | D:2      | Reached XP level 4. HP: 32/32 MP: 2/7
  2209 | D:2      | Reached skill level 4 in Air Magic
  2230 | D:2      | Noticed Robin
  2251 | D:2      | Killed Robin
  2463 | D:2      | Found a burning altar of Makhleb.
  2659 | D:2      | Found a runed translucent door.
  2722 | D:2      | Noticed Crazy Yiuf
  2826 | D:2      | Killed Crazy Yiuf
  3068 | D:3      | Found an opulent altar of Gozag.
  3200 | D:3      | Gained mutation: You have hoof-like feet. [demonic
                  | ancestry]
  3200 | D:3      | Reached XP level 5. HP: 34/37 MP: 8/8
  3302 | D:2      | Became a worshipper of Makhleb the Destroyer
  3792 | D:3      | Reached skill level 5 in Air Magic
  4247 | D:3      | Reached XP level 6. HP: 44/44 MP: 7/9
  4333 | D:3      | Reached * piety under Makhleb
  4530 | D:4      | Found an ornate altar of the Wu Jian Council.
  5270 | D:4      | Reached XP level 7. HP: 51/51 MP: 10/10
  5352 | D:4      | Found Humuyps's Antique Armour Emporium.
  5355 | D:4      | Bought a pair of gloves for 117 gold pieces
  5373 | D:4      | Noticed Duvessa
  5373 | D:4      | Noticed Dowan
  5394 | D:4      | Killed Dowan
  5394 | D:4      | Reached skill level 6 in Air Magic
  5528 | D:4      | Killed Duvessa
  6115 | D:4      | Learned a level 2 spell: Swiftness
  6119 | D:4      | Learned a level 3 spell: Static Discharge
  6124 | D:4      | Learned a level 4 spell: Airstrike
  6142 | D:5      | Entered Level 5 of the Dungeon
  6327 | D:5      | Found a glowing drain.
  6342 | Sewer    | Entered a sewer
  6376 | Sewer    | Reached ** piety under Makhleb
  6775 | Sewer    | Reached XP level 8. HP: 60/60 MP: 9/11
  7113 | Sewer    | Reached *** piety under Makhleb
  7356 | D:5      | Found a staircase to the Ecumenical Temple.
  7457 | D:5      | Found Opoekkal's Distillery.
  7462 | D:5      | Bought a potion of heal wounds for 55 gold pieces
  8049 | D:6      | Reached skill level 7 in Air Magic
  8182 | D:6      | Found a shimmering altar of Xom.
  8189 | D:6      | Found a shimmering altar of Xom.
  8190 | D:6      | Found a shimmering altar of Xom.
  8964 | D:7      | Reached skill level 5 in Spellcasting
  9003 | D:7      | Learned a level 4 spell: Summon Lightning Spire
  9093 | D:7      | Reached skill level 1 in Summonings
  9111 | D:7      | Noticed a shapeshifter
  9111 | D:7      | an orc warrior changed into a shapeshifter
  9111 | D:7      | Noticed an orb spider
  9111 | D:7      | a shapeshifter changed into an orb spider
  9120 | D:7      | Killed an orb spider
  9120 | D:7      | Reached skill level 8 in Air Magic
  9120 | D:7      | Gained mutation: You are mostly covered in sharp spines.
                  | [demonic ancestry]
  9120 | D:7      | Reached XP level 9. HP: 57/66 MP: 8/16
  9443 | D:7      | Reached **** piety under Makhleb
  9637 | D:7      | Noticed Pikel
  9642 | D:7      | Killed Pikel
  9642 | D:7      | Reached skill level 5 in Fighting
  9642 | D:7      | Reached skill level 9 in Air Magic
  9704 | D:7      | Noticed Prince Ribbit
  9772 | D:7      | Killed Prince Ribbit
  9803 | D:7      | Found a shattered altar of Ashenzari.
 10141 | D:8      | Gained mutation: Your flesh is cold resistant. (rC+)
                  | [demonic ancestry]
 10141 | D:8      | Reached XP level 10. HP: 69/74 MP: 9/17
 10149 | D:8      | Reached skill level 10 in Air Magic
 10284 | D:8      | Found Plog's Food Emporium.
 10489 | D:8      | Noticed a two-headed ogre
 10502 | D:8      | Killed a two-headed ogre
 10502 | D:8      | Reached skill level 5 in Dodging
 10502 | D:8      | Reached skill level 5 in Summonings
 10602 | D:8      | Identified the +9 scale mail of the Solstice {-Cast rCorr
                  | Str+5 Stlth+}
 10712 | D:8      | Found a shimmering blue altar of Sif Muna.
 11549 | D:9      | Found a sacrificial altar of Ru.
 11711 | D:9      | Reached skill level 1 in Invocations
 11717 | D:9      | Reached skill level 11 in Air Magic
 11740 | D:9      | Learned a level 5 spell: Lightning Bolt
 12005 | D:9      | Reached ***** piety under Makhleb
 12160 | D:9      | Found a staircase to the Lair.
 12433 | D:9      | Found an ancient bone altar of Kikubaaqudgha.
 12552 | D:9      | Found a sparkling altar of Nemelex Xobeh.
 12784 | D:9      | Gained mutation: You are immune to freezing clouds.
                  | [demonic ancestry]
 12784 | D:9      | Reached XP level 11. HP: 80/80 MP: 6/18
 12945 | Lair:1   | Entered Level 1 of the Lair of Beasts
 13100 | Lair:1   | Found a gate leading to a gauntlet.
 13118 | Lair:1   | Got a heavily runed granite ring
 13141 | Gauntlet | Entered a Gauntlet
 13141 | Gauntlet | Found a transporter.
 13141 | Gauntlet | Found a transporter.
 13142 | Gauntlet | Identified the ring of the Monkey {rF- Int+6 Dex+9 Slay+2}
                  | (You found it on level 1 of the Lair of Beasts)
 13144 | Gauntlet | Noticed a necromancer
 13144 | Gauntlet | Found a transporter.
 13146 | Gauntlet | Found a transporter.
 13157 | Gauntlet | Found a transporter.
 13157 | Gauntlet | Found a transporter.
 13166 | Gauntlet | Noticed a sun demon
 13168 | Gauntlet | Found a transporter.
 13170 | Gauntlet | Found a transporter.
 13170 | Gauntlet | Noticed an orange crystal statue
 13182 | Gauntlet | Noticed a reaper
 13183 | Gauntlet | Found a transporter.
 13210 | Gauntlet | Found a transporter.
 13210 | Gauntlet | Noticed a hell beast
 13228 | Gauntlet | Found a transporter.
 13230 | Gauntlet | Found a transporter.
 13290 | Gauntlet | Killed a necromancer
 13290 | Gauntlet | Reached skill level 5 in Invocations
 13290 | Gauntlet | Reached skill level 12 in Air Magic
 13468 | Gauntlet | Killed an orange crystal statue
 13471 | Gauntlet | Got a bound glass ring
 13517 | Gauntlet | Killed a reaper
 13532 | Gauntlet | Identified the cursed ring of Satyriasis {*Drain rPois rC+
                  | rN+ Str-4} (You found it in a Gauntlet)
 13538 | Gauntlet | Got a pair of faintly humming gloves
 13549 | Gauntlet | Identified the +0 pair of gloves of Oseapt {*Corrode Str+4}
                  | (You found it in a Gauntlet)
 13654 | Gauntlet | Noticed a minotaur
 13667 | Gauntlet | Hit by a silver javelin thrown by a minotaur

Illustrated notes

Levels and vault maps discovered:
D:1:      sevenhm_arrival_forest_fort_small_6, layout_rooms
D:2:      minmay_spotlight, layout_loops_ring, lemuel_doored_altar,
          old_standard_altar, hangedman_decor_points, uniq_crazy_yiuf_cottage,
          uniq_robin
D:3:      minmay_octagon_keep, layout_basic, nicolae_gozag_seed_capital
D:4:      layout_basic, nicolae_overflow_hidden_temple, serial_shops,
          kennysheep_mini, uniq_duvessa
D:5:      layout_gridville, minmay_temple_entry_ruins, serial_shops,
          kennysheep_little_box, portal_sewer_entry_e, first_ration
D:6:      layout_cave_pods, xom_redecorated
D:7:      layout_basic, overflow_temple_1_default, uniq_pikel,
          uniq_prince_ribbit1
D:8:      layout_basic, overflow_temple_1_default, enter_bailey_2, serial_shops,
          kennysheep_mini_moat, grunt_livestock
D:9:      minmay_general_purpose_star, layout_basic, overflow_temple_1_default,
          erik_lair_island, basic_altar, nicolae_ru_great_annihilating_truth
Lair:1:   layout_hall_layers, gauntlet_entry_generic,
          nicolae_lair_grove_arrangements, uniq_fannar
Gauntlet: gammafunk_gauntlet_hard_choice [gammafunk_gauntlet_arena_grid,
          gammafunk_gauntlet_arena_arrow_garden, gammafunk_gauntlet_arena_teeth,
          nicolae_gauntlet_arena_blocks, gammafunk_gauntlet_arena_split_x,
          nicolae_gauntlet_arena_x, nicolae_gauntlet_exit_dead_adventurers]

Skill      XL: |  1  2  3  4  5  6  7  8  9 10 11 |
---------------+----------------------------------+-----
Air Magic      | 3 4 5 6 8 9 11 12 | 12.3
Fighting       | 1 2 4 5 |  5.5
Dodging        | 2 3 4 5 |  5.2
Spellcasting   | 5 |  5.1
Summonings     | 2 4 5 |  5.2
Invocations    | 4 5 |  5.8
Conjurations   | 2 3 |  3.5
Stealth        | |  1.7

Action                   |  1- 3 |  4- 6 |  7- 9 | 10-12 || total
-------------------------+-------+-------+-------+-------++-------
Melee: Hand axe          |     2 |       |       |       ||     2
       Kick              |     2 |       |       |       ||     2
       Quarterstaff      |       |    65 |   103 |    26 ||   194
 Fire: Hunting sling     |       |    47 |       |       ||    47
Throw: Boomerang         |    37 |       |       |       ||    37
       Stone             |    35 |    44 |    25 |       ||   104
       Dart              |       |       |       |     2 ||     2
 Cast: Shock             |    68 |    49 |   157 |   124 ||   398
       Airstrike         |       |       |    32 |    87 ||   119
       Summon Lightning  |       |       |       |     3 ||     3
       Static Discharge  |       |       |       |     1 ||     1
Invok: Minor Destruction |       |       |       |     2 ||     2
       Lesser Servant of |       |       |       |     2 ||     2
  Use: Scroll            |       |     7 |    10 |     3 ||    20
       Potion            |       |     1 |     6 |     9 ||    16
 Stab: Petrified         |       |       |     6 |       ||     6
       Paralysed         |       |       |       |     1 ||     1
  Eat: Chunk             |     4 |     7 |    18 |    14 ||    43
       Ration            |       |     1 |     1 |     3 ||     5
Armor: Robe              |    15 |    24 |    24 |    11 ||    74
Dodge: Dodged            |    28 |    45 |    74 |    48 ||   195
